Map: King Sejong Station LE

Players

Fropez

  • Race: Protoss Protoss
  • League: Gold
  • Spawn Location: 5:00

Hardlock - Winner!

  • Race: Terran Terran
  • League: Gold
  • Spawn Location: 11:00

VOD

Have the link to the VOD?

Description

Time

  • Played on: Nov. 7, 2016, 4:54 p.m.
  • Length: 13:47
Show
View Real Time Build Order
Export as new Build Order

Fropez Protoss 

Build Orders:  

Get SALT Encoding   

  12  0:01  Probe (Chrono Boost)  
  13  0:11  Probe (Chrono Boost)  
  14  0:19  Pylon  
  14  0:22  Probe (Chrono Boost)  
  15  0:34  Assimilator  
  15  0:38  Probe (Chrono Boost)  
  16  0:44  Gateway  
  16  0:48  Probe (Chrono Boost)  
  17  0:59  Probe (Chrono Boost)  
  17  1:03  Gateway  
  18  1:09  Probe (Chrono Boost)  
  19  1:13  Assimilator  
  19  1:20  Probe (Chrono Boost)  
  20  1:30  Probe (Chrono Boost)  
  21  1:47  Nexus  
  21  1:55  Probe (Chrono Boost)  
  21  2:00  Cybernetics Core  
  22  2:10  Pylon  
  21  2:16  Probe (Chrono Boost)  
  22  2:27  Probe (Chrono Boost)  
  23  2:34  Pylon  
  23  2:38  Mothership Core (Chrono Boost)  
  23  2:40  Adept  
  23  2:41  Adept  
  29  2:44  Warp Gate (Chrono Boost)  
  28  3:04  Probe x2  
  29  3:16  Probe  
  29  3:17  Probe  
  31  3:24  Pylon  
  31  3:30  Probe  
  31  3:32  Probe  
  33  3:37  Twilight Council  
  33  3:41  Probe  
  33  3:46  Probe  
  35  3:49  Gateway  
  35  3:51  Probe  
  34  4:20  Resonating Glaives (Chrono Boost)  
  32  4:27  Probe  
  32  4:28  Probe  
  32  4:30  Robotics Facility  
  32  4:31  Robotics Facility  
  34  4:35  Pylon  
  34  4:38  Pylon  
  34  4:39  Probe  
  34  4:41  Probe  
  34  4:42  Pylon  
  36  4:50  Probe  
  37  4:54  Adept x3  
  43  5:09  Probe  
  43  5:10  Probe  
  45  5:19  Immortal x2 (Chrono Boost)  
  53  5:22  Probe  
  54  5:29  Stalker x2  
  54  5:33  Probe  
  59  5:41  Stalker  
  61  5:46  Probe  
  61  5:47  Probe, Assimilator  
  56  5:51  Assimilator  
  56  5:54  Warp Prism (Chrono Boost)  
  56  5:55  Observer (Chrono Boost), Stalker  
  56  5:56  Stalker  
  58  6:05  Probe  
  58  6:07  Probe  
  60  6:17  Probe  
  61  6:25  Stalker x3  
  57  6:57  Probe x2  
  59  7:09  Probe x2  
  61  7:21  Probe x2  
  61  7:22  Nexus  
  61  7:43  Robotics Bay, Probe x2  
  63  7:47  Dark Shrine  
  63  7:48  Observer (Chrono Boost)  
  63  7:50  Pylon  
  64  7:57  Immortal (Chrono Boost)  
  68  8:01  Probe  
  68  8:04  Probe  
  70  8:17  Probe x2  
  70  8:18  Pylon  
  72  8:22  Pylon  
  72  8:30  Immortal (Chrono Boost)  
  72  8:31  Gravitic Drive (Chrono Boost)  
  76  8:45  Probe x2  
  78  8:50  Stalker x2  
  82  9:01  Immortal  
  86  9:03  Stalker  
  88  9:16  Gateway  
  84  9:20  Probe x2  
  80  9:29  Dark Templar x2  
  80  9:30  Dark Templar  
  66  10:06  Gateway  
  66  10:08  Adept x3, Gateway  
  66  10:09  Gateway  
  69  10:33  Mothership Core  
  69  10:34  Dark Templar  
  71  10:36  Immortal  
  65  10:50  Dark Templar x2  
  65  10:51  Dark Templar  
  65  11:45  Dark Templar x3  
  65  11:46  Probe  
  65  11:47  Probe  
  71  11:59  Probe x2  
  73  12:04  Nexus  
  73  12:11  Probe x2  
  65  12:23  Dark Templar  
  61  12:36  Dark Templar  
  44  12:55  Disruptor (Chrono Boost)  
  47  13:00  Zealot x2  
  47  13:04  Zealot x3  
  57  13:11  Zealot x2  
Show
View Real Time Build Order
Export as new Build Order

Hardlock Terran - Winner!

Build Orders: MMM Bio 

Get SALT Encoding   

  12  0:02  SCV  
  13  0:14  SCV  
  13  0:20  Supply Depot  
  14  0:26  SCV  
  15  0:29  Refinery  
  15  0:41  SCV  
  16  0:47  Barracks  
  16  0:53  SCV  
  17  0:58  Refinery  
  17  1:06  SCV  
  18  1:15  Supply Depot  
  18  1:19  SCV  
  19  1:32  SCV  
  20  1:36  Reaper  
  21  1:45  Orbital Command  
  21  2:11  SCV  
  22  2:26  Marine, Command Center  
  23  2:30  SCV  
  24  2:41  Factory  
  24  2:42  SCV  
  25  2:52  Barracks Reactor  
  25  2:54  SCV  
  25  3:07  SCV  
  25  3:12  Supply Depot  
  26  3:25  Widow Mine  
  28  3:30  Starport  
  28  3:31  Marine x2  
  30  3:36  SCV  
  31  3:48  SCV  
  30  4:08  Widow Mine  
  32  4:10  SCV x2  
  32  4:11  Marine  
  32  4:12  Marine  
  36  4:23  Medivac  
  37  4:30  SCV x2  
  39  4:36  Marine, Refinery x2  
  39  4:37  Marine  
  43  4:45  Command Center  
  43  4:53  SCV  
  43  4:54  Orbital Command  
  44  5:03  Marine x2  
  44  5:11  SCV  
  44  5:12  Factory Tech Lab  
  45  5:15  Starport Reactor  
  45  5:17  Barracks  
  45  5:19  Barracks x2  
  45  5:23  SCV  
  46  5:28  SCV  
  46  5:33  Marine  
  46  5:35  SCV  
  49  5:40  SCV  
  49  5:41  Marine  
  51  5:47  SCV  
  52  5:50  Marine  
  52  5:52  SCV  
  54  5:57  Bunker  
  54  5:58  Siege Tank  
  57  6:04  Orbital Command  
  57  6:06  Barracks Tech Lab x2  
  57  6:07  Barracks Tech Lab  
  57  6:12  Medivac x2  
  57  6:13  SCV  
  62  6:19  Supply Depot  
  62  6:21  Supply Depot  
  62  6:30  Stimpack, Siege Tank, Combat Shields  
  65  6:38  Marine  
  65  6:39  SCV, Marauder  
  69  6:41  SCV  
  69  6:42  Marine  
  69  6:43  Marauder  
  69  6:46  Medivac x2  
  77  6:51  SCV  
  77  6:53  SCV, Reaper  
  78  7:01  Marine  
  78  7:02  Siege Tank, Marauder  
  78  7:04  Marine  
  78  7:05  Marauder  
  85  7:10  Supply Depot  
  85  7:14  Supply Depot  
  85  7:23  Marine  
  85  7:26  SCV  
  85  7:28  SCV  
  85  7:32  Marauder  
  85  7:33  Viking  
  85  7:34  Siege Tank  
  92  7:39  Orbital Command  
  92  7:41  SCV  
  93  7:48  SCV  
  94  7:53  SCV  
  94  7:54  Viking  
  94  7:55  Marine  
  94  7:56  Marauder  
  100  8:02  Marine  
  101  8:07  Barracks  
  101  8:10  Supply Depot  
  101  8:13  Supply Depot  
  101  8:23  Refinery  
  101  8:32  Marine x3, SCV, Marauder x2  
  109  8:35  SCV  
  110  8:49  Marine  
  110  8:50  Marauder  
  110  8:52  Siege Tank, Marine  
  117  8:56  Barracks Tech Lab  
  117  9:03  Barracks  
  117  9:10  Marine, Barracks  
  117  9:11  Command Center, Barracks  
  117  9:33  Marine  
  117  9:34  Marine  
  116  9:39  Marauder x2  
  116  9:41  Marauder  
  106  9:51  Marine  
  106  9:52  Marine, Barracks Tech Lab  
  97  10:01  Marauder x2, Barracks  
  97  10:02  Barracks Tech Lab, Barracks  
  97  10:03  Marauder  
  101  10:08  Marine  
  101  10:10  Marine  
  101  10:11  Marine  
  101  10:12  Marauder  
  106  10:21  Marine, Marauder  
  109  10:22  Marauder x2  
  109  10:24  Marauder  
  109  10:26  Marine  
  116  10:33  Marine  
  116  10:41  Marine  
  116  10:47  Marine, Marauder  
  116  10:48  Barracks  
  116  10:56  Barracks Tech Lab x2  
  116  10:58  SCV  
  116  10:59  Marine  
  116  11:00  Marauder  
  116  11:01  Marine  
  116  11:02  SCV, Marauder  
  116  11:03  Viking, Marauder  
  115  11:04  Barracks Reactor, Marauder  
  115  11:05  Marine  
  116  11:15  Orbital Command  
  116  11:19  Concussive Shells  
  116  11:21  Marine  
  116  11:22  Marine, SCV  
  116  11:24  Marine x3  
  116  11:27  Marauder  
  116  11:35  Marauder  
  116  11:37  Marauder  
  116  11:40  Marauder  
  116  11:53  Starport Tech Lab, Command Center  
  116  11:59  Command Center  
  116  12:09  Supply Depot  
  116  12:12  Supply Depot  
  116  12:15  Marauder  
  116  12:18  Supply Depot x2  
  116  12:26  Marine x2  
  116  12:27  Marine  
  116  12:28  Marine, Supply Depot  
  116  12:30  Marine x2  
  116  12:31  Marauder x3  
  116  12:33  Raven  
  116  12:34  Marauder x2  
  116  12:36  Marauder  
  132  12:44  Marine x3  
  129  12:46  Marine  
  129  12:48  Marine x2  
  134  12:52  Marauder x3  
  134  12:55  Marauder x2  
  134  12:58  Marauder  
  145  13:01  Marine x2  
  145  13:02  Marine  
  145  13:04  Marauder  
  150  13:06  Marine x2  
  152  13:13  Marine, Marauder x2  
  152  13:17  Marauder x2  
  152  13:19  Marine x2, Marauder  
  167  13:20  Marine  
  167  13:24  Marine x2  
  167  13:25  Marauder  
Tags
 
Composition
MMM Bio
League
GoldGold
Matchup
PvT
Replay Pack
All Mines
Spawn Locations
Cross Positions
Add a new tag
Caveats
  • Supply blocks, unpowered buildings, or Contaminate may cause inaccurate times.
  • Supply counts are checked every 10 seconds.